 Dungeon Crawl Stone Soup version 0.32-a0-616-g9348d4545b (webtiles) character file.

Game seed: 3834468912126227713

25224 Strat the Eclecticist (level 13, -4/135 HPs)
             Began as an Oni Hedge Wizard on Mar 5, 2024.
             Was a High Priest of Beogh.
             Slain by a death yak (10 damage)
             ... on level 1 of the Lair of Beasts on Mar 6, 2024.
             The game lasted 00:43:29 (15109 turns).

Strat the Eclecticist (Oni Hedge Wizard)           Turns: 15109, Time: 00:43:29

Health: -4/135     AC: 10    Str: 19    XL:     13   Next: 18%
Magic:  14/32      EV: 14    Int: 17    God:    Beogh [*****.]
Gold:   1576       SH:  0    Dex:  8    Spells: 27/43 levels left

rFire   . . .        a - +4 flail (flame)
rCold   . . .        (no shield)
rNeg    . . .        C - +0 steam dragon scales
rPois   +            J - +2 hat {SInv}
rElec   .            G - +0 cloak
rCorr   .            (gloves unavailable)
SInv    +            (boots unavailable)
Will    +....        n - amulet of the acrobat
Stlth   +            i - ring of poison resistance
HPRegen 0.42/turn    k - +5 ring of evasion
MPRegen 0.23/turn

%: acrobat
@: no status effects
A: walk on water, large, unfitting armour, horns 1, tough skin 1, double potion
healing, drunken brawling
a: Renounce Religion, Smiting, Recall Apostles, Blood for Blood, Dismiss Bogdar,
priest, Dismiss Boderik, priest


You were on level 1 of the Lair of Beasts.
You worshipped Beogh.
Beogh was extremely pleased with you.
You visited 2 branches of the dungeon, and saw 13 of its levels.
You also visited: Bailey.

You collected 1576 gold pieces.

Inventory:

Hand Weapons
 a - a +4 flail of flaming (weapon)
Missiles
 h - 6 poisoned darts
 H - 9 curare-tipped darts
 I - 7 atropa-tipped darts (quivered)
Armour
 c - a +1 hat
 s - a scarf of shadows
 C - +0 steam dragon scales (worn)
 G - a +0 cloak (worn)
 J - a +2 hat of see invisible (worn)
Jewellery
 f - a ring of fire
 i - a ring of poison resistance (left hand)
 j - an amulet of reflection
 k - a +5 ring of evasion (right hand)
 n - an amulet of the acrobat (around neck)
 v - a +5 ring of evasion
 x - a ring of resist corrosion
 A - an amulet of faith
 B - a ring of positive energy
 D - a +4 ring of slaying
 E - a ring of ice
Wands
 g - a wand of mindburst (7)
 m - a wand of digging (9)
 t - a wand of roots (6)
 F - a wand of flame (9)
Scrolls
 b - 2 scrolls of identify
 q - 2 scrolls of amnesia
 u - 4 scrolls of immolation
 y - 3 scrolls of vulnerability
 K - a scroll of poison
 L - 2 scrolls of teleportation
Potions
 d - 2 potions of magic
 e - 2 potions of lignification
 l - 2 potions of attraction
 o - 3 potions of ambrosia
 p - 3 potions of enlightenment
 r - a potion of mutation
 z - 2 potions of resistance


   Skills:
 - Level 10.4 Fighting
 + Level 7.0 Maces & Flails
 - Level 5.0 Armour
 - Level 1.7 Dodging
 - Level 1.4 Stealth
 + Level 15.8 Spellcasting
 - Level 6.0 Conjurations
 - Level 2.0 Summonings
 - Level 0.8 Translocations
 - Level 6.0 Alchemy
 - Level 8.0 Invocations


You had 27 spell levels left.
You knew the following spells:

 Your Spells              Type           Power      Damage    Failure   Level
a - Magic Dart            Conj           100%       1d8       1%          1
b - Blink                 Tloc           32%        N/A       4%          2
c - Call Imp              Summ           40%        N/A       3%          2
d - Mephitic Cloud        Conj/Alch/Air  27%        N/A       2%          3
e - Summon Ice Beast      Ice/Summ       16%        N/A       10%         3
f - Irradiate             Conj/Alch      16%        3d17      11%         5

Your spell library contained the following spells:

 Spells                   Type           Power      Damage    Failure   Level
 Static Discharge         Conj/Air       46%        3-5/arc   1%          2
 Cigotuvi's Dreadful Rot  Necr/Alch/Air  40%        N/A       3%          2
 Slow                     Hex            52%        N/A       4%          1
 Lesser Beckoning         Tloc           32%        N/A       4%          2
 Scorch                   Fire           26%        2d6       7%          2
 Gell's Gravitas          Tloc           16%        N/A       10%         3
 Teleport Other           Tloc           16%        N/A       10%         3
 Inner Flame              Hex/Fire       13%        N/A       14%         3
 Tukima's Dance           Hex            13%        N/A       14%         3
 Flame Wave               Conj/Fire      23%        2d8       14%         4
 Summon Lightning Spire   Summ/Air       16%        N/A       30%         4
 Passage of Golubria      Tloc           16%        N/A       32%         4
 Yara's Violent Unravell  Hex/Alch       11%        3d6       36%         5
 Airstrike                Air            6%         2d(1-17)  43%         4
 Animate Dead             Necr           13%        N/A       43%         4
 Summon Mana Viper        Hex/Summ       16%        N/A       65%         5
 Borgnjor's Vile Clutch   Necr/Erth      6%         N/A       78%         5
 Silence                  Hex/Air        6%         N/A       78%         5
 Summon Cactus Giant      Summ           10%        N/A       97%         6
 Death Channel            Necr           6%         N/A       100%        6
 Monstrous Menagerie      Summ           10%        N/A       100%        7
 Ignition                 Fire           6%         3d4       100%        8
 Lehudib's Crystal Spear  Conj/Erth      11%        10d4      100%        8


Dungeon Overview and Level Annotations

Branches:
Dungeon (12/15)            Temple (0/1) D:6            Lair (1/5) D:11
    Orc (0/2) D:10         Bailey (visited)

Altars:
Dithmenos
Elyvilon
Gozag
Kikubaaqudgha
Makhleb
Nemelex Xobeh
Wu Jian
Xom
Yredelemnul
Zin
The Shining One

Shops:
D:7 ([

Annotations:
D:4 3 runed translucent doors, audacious124's ghost, amateur CoGl; osoart's ghost, novice CoFi; partyrob117's ghost, amateur MiBe; runemasterragnar's ghost, novice CoAr
D:12 Lodul
Lair:1 2 transporters, Harold; Nergalle; backslashecho's ghost, journeyman DrSh


Innate Abilities, Weirdness & Mutations

You can walk on water.
Your facial features are unmistakably orcish.
You are too large for most types of armour.
You have a pair of small horns on your head.
You have tough skin. (AC +1)
You gain doubled healing and magic from potions.
Whenever you drink a healing potion, you attack all around you.


Message History

The death yak is engulfed in noxious fumes.
The death yak appears confused.
The death yak is engulfed in noxious fumes.
The death yak closely misses you.
You hit the death yak but do no damage. You headbutt the death yak.
The death yak is severely wounded.
The death yak is engulfed in noxious fumes.
You thump the death yak! You burn the death yak.
The death yak is almost dead.
The death yak is engulfed in noxious fumes.
The death yak barely misses you.
You hit the death yak but do no damage.
You headbutt the death yak, but do no damage.
The death yak is almost dead.
The death yak seems less confused.
The death yak is engulfed in noxious fumes.
The death yak appears confused.
The death yak gores you.
* * * LOW HITPOINT WARNING * * *
You hit the death yak. You burn the death yak.
You headbutt the death yak, but do no damage.
The death yak is almost dead.
The death yak is engulfed in noxious fumes.
The death yak gores you!!
* * * LOW HITPOINT WARNING * * *
You hit the death yak. You burn the death yak.
The death yak is almost dead.
The death yak misses you.
You hit the death yak. You burn the death yak.
You headbutt the death yak, but do no damage.
The death yak is almost dead.
The death yak seems less confused.
The death yak misses you.
You hit the death yak. You burn the death yak.
The death yak is almost dead.
The death yak gores you!!
* * * LOW HITPOINT WARNING * * *
You barely miss the death yak.
You headbutt the death yak, but do no damage.
The death yak is almost dead.
The death yak gores you!
You die...

#..##SSh##.. #..#####..#
#...©...## ##.....## # ###
######## ###..## #
######P####..P##.#########..#.#.#
..............°..................
..†..............................
................@Y......÷........
.................................
.................................
.................................
.................................
############P###.###.############
### ### ###


You could see a death yak (target of vengeance).

Vanquished Creatures
  Gastronok (Lair:1)
  A two-headed ogre (D:10)
  5 death yaks
  An orc apostle (D:10)
  Joseph (D:7)
  Maggie (D:7)
  A komodo dragon (Lair:1)
  A troll (D:10)
  3 wraiths
  5 shadows
  A vampire (D:11)
  Eustachio (D:5)
  A basilisk (Lair:1)
  26 yaks
  2 steam dragons
  Grum (D:9)
  4 water moccasins
  Duvessa (D:6)
  A sky beast (D:8)
  3 orc warriors
  A centaur (D:8)
  2 ogres (D:12)
  4 wolves
  5 kobold brigands
  A gnoll sergeant (D:8)
  4 bullfrogs
  A scorpion (D:5)
  3 wights
  Dowan (D:6)
  2 howler monkeys (D:10)
  3 electric eels (D:10)
  2 vampire bats (D:3)
  A hound (D:5)
  A quasit (D:7)
  A jelly (D:7)
  5 orc priests
  Crazy Yiuf (D:7)
  16 orc wizards
  A sleepcap (D:5)
  4 iguanas
  4 adders
  3 gnolls (D:8)
  5 shadow imps
  4 white imps
  8 ufetubi
  A dart slug (D:2)
  20 orcs
  6 bats
  3 bat skeletons (D:3)
  A bat zombie (D:3)
  10 endoplasms
  3 giant cockroaches
  7 goblins
  10 hobgoblins
  8 jackals
  3 quokkas
  9 ball pythons
  2 frilled lizards (D:3)
  20 kobolds
  2 rats
249 creatures vanquished.

Vanquished Creatures (collateral kills)
  Josephine (D:10)
  Erica (D:10)
  2 death yaks (Lair:1)
  An orc apostle (Lair:1)
  A cane toad (Lair:1)
  3 centaur zombies (D:11)
  3 komodo dragons (Lair:1)
  2 meliai zombies (D:11)
  4 blink frogs (Lair:1)
  A shadow (D:10)
  2 vampires (D:11)
  12 yaks
  2 wraiths (D:10)
  4 vampire mosquitoes
  3 water moccasins
  An orc warrior (D:10)
  4 wolves (Lair:1)
  2 ogres (D:12)
  4 bullfrogs
  An electric eel (D:10)
  A bombardier beetle (D:5)
  A jelly (D:7)
  A hound (D:5)
  2 hell rats (D:11)
  3 adders
  4 orcs
  A ball python (D:4)
  A bat zombie (D:3)
  An endoplasm (D:4)
  2 jackals (D:4)
  A frilled lizard (D:1)
  2 kobolds
74 creatures vanquished.

Vanquished Creatures (others)
  An orc apostle (Lair:1)
  An orc priest (D:8)
  3 orcs
  A goblin (D:8)
  A kobold (D:8)
7 creatures vanquished.

Grand Total: 330 creatures vanquished

Notes
Turn   | Place    | Note
-------+----------+-------------------------------------------
     0 | D:1      | Strat the Oni Hedge Wizard began the quest for the Orb.
     0 | D:1      | Reached XP level 1. HP: 16/16 MP: 5/5
   110 | D:1      | Reached skill level 1 in Fighting
   135 | D:1      | Reached skill level 4 in Spellcasting
   135 | D:1      | Reached XP level 2. HP: 27/27 MP: 5/7
   166 | D:1      | Learned a level 2 spell: Blink
   169 | D:1      | Learned a level 2 spell: Call Imp
   491 | D:1      | Reached XP level 3. HP: 34/35 MP: 8/8
   647 | D:1      | Learned a level 3 spell: Mephitic Cloud
   974 | D:2      | Reached skill level 1 in Conjurations
  1139 | D:2      | Reached XP level 4. HP: 44/44 MP: 10/10
  1546 | D:3      | Noticed a bullfrog
  1556 | D:3      | Killed a bullfrog
  1557 | D:3      | Reached skill level 5 in Spellcasting
  1557 | D:3      | Reached skill level 1 in Alchemy
  1557 | D:3      | Reached XP level 5. HP: 37/53 MP: 9/12
  2549 | D:3      | Found an ancient bone altar of Kikubaaqudgha.
  2597 | D:3      | Reached XP level 6. HP: 57/61 MP: 14/14
  2645 | D:4      | Found a runed translucent gate.
  2645 | D:4      | Found a runed translucent gate.
  2645 | D:4      | Found a runed translucent gate.
  2653 | D:4      | Noticed runemasterragnar's ghost (novice CoAr)
  2656 | D:4      | Noticed partyrob117's ghost (amateur MiBe)
  2657 | D:4      | Noticed osoart's ghost (novice CoFi)
  2708 | D:4      | Noticed audacious124's ghost (amateur CoGl)
  2855 | D:4      | Reached skill level 6 in Spellcasting
  2950 | D:4      | Found an opulent altar of Gozag.
  2950 | D:4      | Found a glowing golden altar of the Shining One.
  2952 | D:4      | Found a shimmering altar of Xom.
  3036 | D:4      | Noticed an ice beast
  3084 | D:5      | Entered Level 5 of the Dungeon
  3214 | D:5      | Learned a level 3 spell: Summon Ice Beast
  3251 | D:5      | Noticed Eustachio
  3320 | D:5      | Reached skill level 1 in Summonings
  3525 | D:5      | Found a burning altar of Makhleb.
  3674 | D:5      | Reached XP level 7. HP: 43/70 MP: 5/16
  4165 | D:5      | Found a sparkling altar of Nemelex Xobeh.
  4321 | D:5      | Found a white marble altar of Elyvilon.
  4333 | D:5      | Reached skill level 7 in Spellcasting
  4518 | D:5      | Killed Eustachio
  4519 | D:5      | Reached skill level 5 in Fighting
  4984 | D:6      | Noticed Duvessa
  4994 | D:6      | Noticed Dowan
  5019 | D:6      | Killed Duvessa
  5020 | D:6      | Reached skill level 8 in Spellcasting
  5020 | D:6      | Reached XP level 8. HP: 71/83 MP: 1/20
  5027 | D:6      | Killed Dowan
  5197 | D:6      | Found a staircase to the Ecumenical Temple.
  5216 | D:6      | Became a worshipper of Beogh the Shepherd
  6359 | D:7      | Reached skill level 9 in Spellcasting
  6480 | D:7      | Noticed Maggie
  7301 | D:7      | Reached * piety under Beogh
  7706 | D:7      | Found Bubokeeq's Weapon Boutique.
  7720 | D:7      | Noticed Joseph
  7763 | D:7      | Killed Joseph
  7764 | D:7      | Reached skill level 10 in Spellcasting
  7764 | D:7      | Reached XP level 9. HP: 68/96 MP: 4/23
  8152 | D:7      | Killed Maggie
  8285 | D:7      | Found a glowing silver altar of Zin.
  8377 | D:7      | Reached skill level 11 in Spellcasting
  8571 | D:7      | Found a runed translucent door.
  8572 | D:7      | Noticed Crazy Yiuf
  8629 | D:7      | Found Koit's Antique Armour Shoppe.
  8703 | D:7      | Killed Crazy Yiuf
  8799 | D:8      | Reached skill level 12 in Spellcasting
  8888 | D:8      | Reached XP level 10. HP: 108/110 MP: 20/26
  8947 | D:8      | Reached skill level 10 in Fighting
  9208 | D:8      | Reached skill level 1 in Invocations
  9224 | D:8      | Reached ** piety under Beogh
  9225 | D:8      | Reached skill level 1 in Armour
  9268 | D:8      | Identified the +5 halberd of Calonuxiu {holy, Dex+4}
  9331 | D:8      | Reached skill level 13 in Spellcasting
  9364 | D:8      | Found a flagged portal.
  9386 | Bailey   | Entered a bailey
  9585 | Bailey   | Found a burning altar of Makhleb.
  9703 | D:8      | Found a shadowy altar of Dithmenos.
 10347 | D:8      | Learned a level 5 spell: Irradiate
 10437 | D:9      | Noticed Grum
 10459 | D:9      | Reached *** piety under Beogh
 10464 | D:9      | Killed Grum
 10472 | D:9      | Noticed Bogdar
 10501 | D:9      | Anointed Bogdar the priest as your apostle
 10664 | D:9      | Reached XP level 11. HP: 110/119 MP: 23/28
 10666 | D:9      | Reached skill level 5 in Invocations
 10931 | D:10     | Entered Level 10 of the Dungeon
 10932 | D:10     | Found a basalt altar of Yredelemnul.
 10936 | D:10     | Noticed Josephine
 10941 | D:10     | Noticed a two-headed ogre
 11041 | D:10     | Killed Josephine
 11200 | D:10     | Killed a two-headed ogre
 11201 | D:10     | Reached skill level 14 in Spellcasting
 11319 | D:10     | Identified the +2 war axe "Sugucsun" {freeze, ^Drain rN+++}
 11319 | D:10     | Noticed Boderik
 11359 | D:10     | Anointed Boderik the priest as your apostle
 11825 | D:10     | Found a staircase to the Orcish Mines.
 11898 | D:10     | Found an ornate altar of the Wu Jian Council.
 11899 | D:10     | Noticed Erica
 11907 | D:10     | Killed Erica
 11908 | D:10     | Reached skill level 5 in Armour
 11918 | D:10     | Your ally Boderik died
 11919 | D:10     | Reached skill level 1 in Maces & Flails
 12840 | D:11     | Found a staircase to the Lair.
 12840 | D:11     | Noticed a death yak
 12842 | D:11     | Noticed a death yak
 13115 | D:11     | Reached XP level 12. HP: 48/127 MP: 30/30
 13246 | D:11     | Reached skill level 5 in Alchemy
 13434 | D:11     | Killed a death yak
 13434 | D:11     | Reached **** piety under Beogh
 13446 | D:11     | Killed a death yak
 13751 | D:11     | Found an ornate altar of the Wu Jian Council.
 13957 | D:12     | Noticed Lodul
 14018 | Lair:1   | Entered Level 1 of the Lair of Beasts
 14132 | Lair:1   | Reached skill level 5 in Conjurations
 14358 | Lair:1   | Reached skill level 5 in Maces & Flails
 14358 | Lair:1   | Reached skill level 15 in Spellcasting
 14359 | Lair:1   | Noticed Harold
 14364 | Lair:1   | Noticed Nergalle
 14374 | Lair:1   | Your ally Boderik died
 14575 | Lair:1   | Noticed Gastronok
 14587 | Lair:1   | Killed Gastronok
 14587 | Lair:1   | Reached ***** piety under Beogh
 14590 | Lair:1   | Found a transporter.
 14666 | Lair:1   | Found a transporter.
 14671 | Lair:1   | Noticed backslashecho's ghost (journeyman DrSh)
 14716 | Lair:1   | Reached XP level 13. HP: 47/135 MP: 32/32
 15055 | Lair:1   | Your ally Bogdar died
 15108 | Lair:1   | HP: 5/135 [death yak (21)]
 15109 | Lair:1   | Slain by a death yak

Illustrated notes

Levels and vault maps discovered:
D:1:      lightli_arrival_statuegarden, layout_rooms, grunt_decor_cap,
          minmay_indecisive_spiral
D:2:      cheibrodos_old_hovel, layout_rooms
D:3:      layout_basic, kennysheep_vampire_church, st_stairs_3
D:4:      layout_rooms, nicolae_overflow_hidden_temple,
          gammafunk_ghost_cemetery, small_statue_alley_b
D:5:      layout_gridville, mainiacjoe_overflow_surrounded_room,
          nemelex_diamond_rough_becter, makhleb_blood_cavern_becter,
          uniq_eustachio
D:6:      layout_rooms, minmay_temple_entry_proselytizer, uniq_duvessa
D:7:      layout_cave_pools, old_standard_altar, serial_demonic,
          serial_demonic_b, serial_demonic_d, serial_demonic_a,
          serial_demonic_d, serial_demonic_g, serial_demonic_d,
          serial_demonic_d, serial_demonic_d, serial_demonic_g,
          serial_demonic_b, serial_shops, shop, nicolae_take_the_stairs,
          uniq_joseph, uniq_crazy_yiuf_cottage, uniq_maggie
D:8:      layout_basic, general_overflow_altar, enter_bailey_4
D:9:      layout_rooms, uniq_grum
D:10:     layout_basic, mainiacjoe_overflow_tiny_flanked,
          yredelemnul_altar_generic, david_orc_2, uniq_erica, uniq_josephine
D:11:     layout_cave_pools, dpeg_lair_monsters, serial_undead, serial_undead_b,
          serial_undead_c, serial_undead_e, serial_undead_e,
          nzn_wu_jian_contemplation
D:12:     layout_cave_pools, nicolae_dithmenos_shadow_blocks, uniq_lodul
Lair:1:   layout_big_grid, nzn_ghost_randoct, grunt_megastairs_3,
          infiniplex_staircase_pool_2, uniq_harold, uniq_gastronok,
          uniq_nergalle

Skill      XL: |  1  2  3  4  5  6  7  8  9 10 11 12 13 |
---------------+----------------------------------------+-----
Fighting       | 1 2 3 4 5 8 9 10 | 10.4
Spellcasting   | 4 5 6 8 10 12 13 14 15 | 15.8
Conjurations   | 1 2 3 6 |  6.0
Alchemy        | 1 2 4 6 |  6.0
Summonings     | 1 2 |  2.0
Invocations    | 4 7 8 |  8.0
Armour         | 3 5 |  5.0
Maces & Flails | 2 6 7 |  7.0
Dodging        | |  1.7
Stealth        | |  1.4
Translocations | |  0.8

Action                     |  1- 3 |  4- 6 |  7- 9 | 10-12 | 13-15 || total
---------------------------+-------+-------+-------+-------+-------++-------
  Melee: Short sword       |   124 |    18 |       |       |       ||   142
         Dagger            |    16 |       |       |       |       ||    16
         Headbutt          |    20 |    31 |    77 |    81 |    16 ||   225
         Spear             |       |   221 |   367 |       |       ||   588
         War axe           |       |       |    57 |   229 |       ||   286
         Flail             |       |       |       |   159 |    25 ||   184
  Throw: Dart              |       |       |       |     5 |       ||     5
   Cast: Magic Dart        |    11 |       |     7 |     1 |       ||    19
         Call Imp          |     5 |    18 |    21 |       |       ||    44
         Mephitic Cloud    |       |     7 |    61 |    51 |    10 ||   129
         Blink             |       |     5 |    24 |     3 |     1 ||    33
 Invoke: Convert to Beogh  |       |       |     1 |       |       ||     1
         Recruit Apostle   |       |       |       |     2 |       ||     2
         Recall Apostles   |       |       |       |    12 |     5 ||    17
  Evoke: Wand              |       |       |     3 |     8 |     2 ||    13
    Use: Scroll            |       |    14 |     8 |     7 |       ||    29
         Potion            |       |       |     4 |     5 |     1 ||    10
   Stab: Sleeping          |       |     5 |       |       |       ||     5
         Confused          |       |     3 |    14 |    14 |     1 ||    32
         Distracted        |       |       |       |     4 |       ||     4
 Armour: Robe              |   107 |   101 |   243 |       |       ||   451
         Steam dragon scal |       |       |    13 |   383 |    17 ||   413
  Dodge: Dodged            |    99 |   176 |   572 |   414 |    22 ||  1283

Table legend: (Time is in decaauts)
 A = Elapsed time spent in this place.
 B = Non-inter-level travel time spent in this place.
 C = Inter-level travel time spent in this place.
 D = Time resting spent in this place.
 E = Time spent auto-exploring this place.
 F = Levels seen in this place.
 G = Mean time per level.
                   A        B        C        D        E       F      G
               +--------+--------+--------+--------+--------+-----+--------+
         Total |  15469 |  14678 |    791 |   4425 |   5892 |  14 | 1104.9 |
       Dungeon |  14035 |  13244 |    791 |   3805 |   5654 |  12 | 1169.6 |
          Lair |   1155 |   1155 |      0 |    604 |    134 |   1 | 1155.0 |
        Bailey |    279 |    279 |      0 |     16 |    104 |   1 |  279.0 |
               +--------+--------+--------+--------+--------+-----+--------+

Top non-repeatable levels by time:
     D:6: 2536 daAuts
    D:10: 1903 daAuts
     D:5: 1853 daAuts
     D:7: 1437 daAuts
     D:3: 1264 daAuts
    D:11: 1231 daAuts
  Lair:1: 1155 daAuts
     D:9: 1029 daAuts
     D:8: 908 daAuts
     D:1: 810 daAuts
     D:2: 622 daAuts
     D:4: 402 daAuts
  Bailey: 279 daAuts
    D:12: 37 daAuts
